 Dungeon Crawl Stone Soup version 0.21.0-3-g78d12a8 (webtiles) character file.

138 reriks1 the Covered (level 5, -5/49 HPs)
             Began as a Deep Dwarf Fighter on Jan 8, 2018.
             Slain by a worm (8 damage)
             ... on level 3 of the Dungeon.
             The game lasted 00:01:23 (1773 turns).

reriks1 the Covered (Deep Dwarf Fighter)            Turns: 1773, Time: 00:01:24

Health: -5/49      AC:  7    Str: 20    XL:     5   Next: 1%
Magic:  5/5        EV:  7    Int:  9    God:
Gold:   87         SH:  9    Dex: 12    Spells: 4/4 levels left

rFire    . . .     SeeInvis .   a - +0 war axe
rCold    . . .     Gourm    .   c - +0 shield
rNeg     . . .     Faith    .   b - +0 scale mail
rPois    .         Spirit   .   (no helmet)
rElec    .         Reflect  .   (no cloak)
rCorr    .         Harm     .   (no gloves)
MR       .....                  (no boots)
Stlth    ..........             (no amulet)
HPRegen  0.00/turn              (no ring)
MPRegen  0.09/turn              (no ring)

@: non-regenerating
A: damage resistance, heal wounds, sense surroundings 1, no regeneration
a: Heal Wounds


You were on level 3 of the Dungeon.
You were not hungry.

You visited 1 branch of the dungeon, and saw 3 of its levels.

You collected 87 gold pieces.

Inventory:

Hand Weapons
 a - a +0 war axe (weapon)
Armour
 b - a +0 scale mail (worn)
 c - a +0 shield (worn)
Scrolls
 e - 2 scrolls of enchant armour {unknown}
 h - a scroll of magic mapping {unknown}
 l - 2 scrolls of fear {unknown}
Potions
 i - a potion of ambrosia {unknown}
 j - 3 potions of magic {unknown}
 k - a potion of brilliance {unknown}
 m - a potion of curing {unknown}
Comestibles
 f - 5 rations


   Skills:
 + Level 3.5 Fighting
 + Level 3.3 Axes
 + Level 4.2 Armour
 + Level 4.2 Shields


You had 4 spell levels left.
You didn't know any spells.

Dungeon Overview and Level Annotations

Branches:
Dungeon (3/15)

Altars:
Cheibriados
Trog


Innate Abilities, Weirdness & Mutations

You are resistant to damage.
You can heal yourself by infusing magical energy.
You passively map a small area around you.
You do not regenerate.


Message History

You slash the worm! The worm bites you but does no damage.
The moth of wrath goads the worm on!
The worm goes berserk!
The worm bites you!
You hit the worm.
The worm is moderately wounded.
You hit the worm.
Your shield and scale mail prevent you from hitting the worm.
The worm bites you. The worm bites you but does no damage. The worm bites you!
You block the worm's attack. The worm barely misses you.
You barely miss the worm.
The worm is lightly wounded.
Your shield prevents you from hitting the worm.
You slash the worm! The worm bites you!
* * * LOW HITPOINT WARNING * * *
The worm bites you but does no damage. The worm bites you!
* * * LOW HITPOINT WARNING * * *
You hit the worm.
The worm is moderately wounded.
You hit the worm. x2; The worm barely misses you.
You block the worm's attack. The worm bites you. The worm bites you!
You die...

###### ###....#
##...##.#
##..####'####
#..##.......##
######.##.........##
.......#...........#
####...#....###w...#
* ##.#.#...##y##@..#
*
###....#....###ww..#
.##..#.##.........##
* *
..#....##.).._...)#
.#..##.###.......##
.##.# .# ###.))###
.#.## . #### ..## ..
* .## ## , ,


You could see a moth of wrath and 3 worms.

Vanquished Creatures
  The ghost of Gorgoleon the Cudgeler, an amateur MiBe of Trog (D:3)
  2 adders (D:2)
  A worm (D:2)
  2 leopard geckos (D:2)
  2 bats
  7 hobgoblins
  7 kobolds
  A frilled lizard (D:1)
  2 goblins
  7 rats
32 creatures vanquished.

Notes
Turn   | Place    | Note
-------+----------+-------------------------------------------
     0 | D:1      | reriks1 the Deep Dwarf Fighter began the quest for the Orb.
     0 | D:1      | Reached XP level 1. HP: 20/20 MP: 1/1
   676 | D:2      | Reached XP level 2. HP: 21/27 MP: 2/2
   738 | D:2      | Found a snail-covered altar of Cheibriados.
   787 | D:2      | Reached XP level 3. HP: 27/34 MP: 3/3
  1711 | D:3      | Noticed Gorgoleon's ghost (amateur MiBe)
  1725 | D:3      | Killed Gorgoleon's ghost
  1725 | D:3      | Reached XP level 4. HP: 16/42 MP: 4/4
  1733 | D:3      | Reached XP level 5. HP: 40/49 MP: 5/5
  1758 | D:3      | Noticed a moth of wrath
  1760 | D:3      | Found a bloodstained altar of Trog.
  1773 | D:3      | Slain by a worm

Skill      XL: |  1  2  3 |
---------------+----------+-----
Fighting       | 3 |  3.5
Axes           | 3 |  3.3
Armour         | 4 |  4.2
Shields        | 4 |  4.2

Action                   |  1- 3 |  4- 6 || total
-------------------------+-------+-------++-------
Melee: War axe           |    85 |    13 ||    98
 Abil: Heal Wounds       |     1 |     1 ||     2
  Use: Potion            |     1 |       ||     1
  Eat: Ration            |     1 |       ||     1
       Chunk             |     1 |       ||     1
Armor: Scale mail        |    27 |     4 ||    31
Dodge: Dodged            |    23 |     4 ||    27
Block: Shield            |    43 |     8 ||    51
